 Dungeon Sprint DCSS version 0.30.1-11-g7821555f0a (webtiles) character file.

Game seed: 2637714761999221716

7926 Groucho the Imperceptible (level 11, -12/58 HPs)
             Began as a Felid Monk on Nov 25, 2023.
             Was an Elder of Uskayaw.
             Mangled by a frost giant
             ... wielding a +2 battleaxe of freezing
              (40 damage)
             ... in the Dungeon (Sprint IX: "|||||||||||||||||||||||||||||").
             The game lasted 00:10:40 (4572 turns).

Groucho the Imperceptible (Felid Monk)              Turns: 4572, Time: 00:10:40

Health: -12/58     AC:  2    Str: 14    XL:     11   Next: 3%
Magic:  16/21      EV: 30    Int: 13    God:    Uskayaw [****..]
Gold:   1942       SH:  0    Dex: 18    Spells: 10/10 levels left
                                        Lives:  0   Deaths: 2

rFire   . .          .
                       - Unarmed
rCold   . . .        (shield unavailable)
rNeg    . . .        (body armour unavailable)
rPois   +            (helmet unavailable)
rElec   .            (cloak unavailable)
rCorr   .            (gloves unavailable)
SInv    +            (boots unavailable)
Will    +....        (no amulet)
Stlth   +++++++++    j - +3 ring of strength
HPRegen 0.29/turn    p - ring of poison resistance
MPRegen 0.17/turn

%: no teleportation, clarity
@: quick
A: very small, claws 1, fangs 3, see invisible, speed 1, shaggy fur 2, stealthy
paws, no weapons or thrown items, no armour, multi-lived, clarity, wild magic 1
a: Renounce Religion, Stomp, Line Pass


You were in the Dungeon.
You worshipped Uskayaw.
Uskayaw was pleased with you.
You visited 1 branch You collected 1942 gold pieces.

Inventory:

Jewellery
 c - a ring of protection from fire
 j - a +3 ring of strength (left paw)
 k - a +3 ring of intelligence
 o - a ring of protection from fire
 p - a ring of poison resistance (right paw)
Wands
 i - a wand of quicksilver (16)
 m - a wand of flame (17)
Scrolls
 d - 3 scrolls of identify
 g - 4 scrolls of blinking
 h - 2 scrolls of amnesia
 l - 2 scrolls of fear
 s - a scroll of fog
Potions
 a - a potion of ambrosia
 b - a potion of resistance
 e - 4 potions of magic
 f - 5 potions of curing
 n - a potion of cancellation {unknown}
 q - a potion of brilliance
 r - 2 potions of heal wounds


   Skills:
 + Level 13.1 Fighting
 + Level 16.7 Dodging
 * Level 23.9 Stealth
 * Level 17.8 Unarmed Combat
 + Level 12.8 Invocations


You had 10 spell levels left.
You didn't know any spells.
Your spell library was empty.

Dungeon Overview and Level Annotations

Branches:
Dungeon (1/1)

Altars:
Cheibriados
Dithmenos
Elyvilon
Fedhas
Gozag
Hepliaklqana
Kikubaaqudgha
Makhleb
Nemelex Xobeh
Okawaru
Qazlal
Ru
Sif Muna
Trog
Uskayaw
Vehumet
Wu Jian
Xom
Yredelemnul
Zin
The Shining One
Jiyva
Lugonu

Shops:
D [::!


Innate Abilities, Weirdness & Mutations

You have sharp claws.
You have razor-sharp teeth.
You have supernaturally acute eyesight. (SInv)
You cover ground quickly. (Speed+)
You are covered in thick fur. (AC +2)
Your paws help you pounce on unaware monsters.
You are incapable of wielding weapons or throwing items.
You cannot wear armour.
You gain extra lives every three experience levels.
You possess an exceptional clarity of mind.
Your spells are a little harder to cast, but a little more powerful.


Message History

A frost giant comes into view.
It is wielding a +2 battleaxe of freezing.
You see here a +1 helmet.
You see here a +1 pair of boots.
The frost giant shouts!
You claw the brown ugly thing!
You bite the brown ugly thing, but do no damage.
The brown ugly thing is lightly wounded.
You mangle the brown ugly thing!!
You bite the brown ugly thing, but do no damage.
The brown ugly thing is heavily wounded.
The brown ugly thing completely misses you.
Uskayaw will force your foes to share their pain.
Uskayaw links your audience in an emotional bond!
You scratch the brown ugly thing. You claw the brown ugly thing!
The brown ugly thing is severely wounded.
The brown ugly thing misses you.
Unknown command.
You mangle the brown ugly thing!!
The brown ugly thing is almost dead.
You can now merge with and destroy a victim.
Unknown command.
Unknown command.
You closely miss the brown ugly thing.
The brown ugly thing is almost dead.
The brown ugly thing misses you.
Aiming: Line Pass
Press: ? - help, Dir - move target The brown ugly thing appears confused.
The frost giant appears confused.
A lich comes into view.
You can no longer merge with and destroy a victim.
The brown ugly thing stings the frost giant.
You kill the brown ugly thing!
The frost giant completely misses you.
Welcome back to level 11!
The lich shouts!
You claw the frost giant!
The frost giant is moderately wounded.
The frost giant hits you with a +2 battleaxe of freezing!!!
Ouch! That really hurt!
You die...

▓▓▓▓▓▓▓▓▓▓▓▓▓▓▓▓▓▓▓▓▓▓▓▓▓▓▓▓▓▓▓▓▓
.k['.?......L.[[@C[[[[.))))))))..
▓▓▓▓▓▓▓▓▓▓▓▓▓▓▓▓▓▓▓▓▓▓▓▓▓▓▓▓▓▓▓▓▓
.................................
▓▓▓▓▓▓▓▓▓▓▓▓▓▓▓▓▓▓▓▓▓▓▓▓▓▓▓▓▓▓▓▓▓
..[..[.......)))))')))))))..))))'
▓▓▓▓▓▓▓▓▓▓▓▓▓▓▓▓▓▓▓▓▓▓▓▓▓▓▓▓▓▓▓▓▓
...........................).....
▓▓▓▓▓▓▓▓▓▓▓▓▓▓▓▓▓▓▓▓▓▓▓▓▓▓▓▓▓▓▓▓▓
....'.........'.........'?......!


You could see a frost giant (confused, pain bonded) and a lich.

Vanquished Creatures
  An ettin (D)
  3 centaur warriors (D)
  3 ogre magi (D)
  A deep troll shaman (D)
  Sonja (D)
  2 skysharks (D)
  2 lindwurms (D)
  5 deep trolls (D)
  2 deep elf pyromancers (D)
  4 orc knights (D)
  2 ugly things (D)
  Maurice (D)
  A salamander (shapeshifter) (D)
  A cane toad (D)
  3 komodo dragons (D)
  A yaktaur (D)
  A tengu conjurer (D)
  5 trolls (D)
  2 polar bears (D)
  4 tyrant leeches (D)
  A dream sheep (D)
  A slime creature (D)
  2 wraiths (D)
  A slime creature (shapeshifter) (D)
  4 yaks (D)
  2 wyverns (D)
  3 water moccasins (D)
  9 orc warriors (D)
  A black bear (D)
  An ogre (D)
  A scorpion (D)
  A wight (D)
  A jelly (D)
  An orc priest (D)
  An iguana (D)
  6 orc wizards (D)
  A hell rat (D)
  An adder (D)
  2 worms (D)
  8 orcs (D)
  2 kobolds (D)
  2 bats (D)
  A rat (D)
98 creatures vanquished.

Notes
Turn   | Place    | Note
-------+----------+-------------------------------------------
     0 | D        | Groucho the Felid Monk began the quest for the Orb.
     0 | D        | Reached XP level 1. HP: 10/10 MP: 2/2
     6 | D        | Reached skill level 1 in Stealth
    26 | D        | Reached skill level 2 in Stealth
    27 | D        | Noticed an ogre
    27 | D        | Noticed a scorpion
    27 | D        | Noticed an iguana
    27 | D        | Noticed a jelly
    29 | D        | Killed a jelly
    30 | D        | Reached skill level 5 in Dodging
    30 | D        | Reached skill level 4 in Stealth
    30 | D        | Reached XP level 2. HP: 15/15 MP: 2/4
    30 | D        | Reached XP level 3. HP: 18/18 MP: 2/5
    37 | D        | Reached skill level 5 in Stealth
    47 | D        | Killed a scorpion
    48 | D        | Reached skill level 7 in Stealth
    48 | D        | Reached skill level 5 in Unarmed Combat
    48 | D        | Reached XP level 4. HP: 20/22 MP: 3/7
    52 | D        | Killed an ogre
    53 | D        | Reached skill level 5 in Fighting
    53 | D        | Reached skill level 8 in Stealth
    53 | D        | Reached XP level 5. HP: 20/26 MP: 3/9
   298 | D        | Found a snail-covered altar of Cheibriados.
   298 | D        | Found a shadowy altar of Dithmenos.
   298 | D        | Found a white marble altar of Elyvilon.
   298 | D        | Found a blossoming altar of Fedhas.
   298 | D        | Found an opulent altar of Gozag.
   299 | D        | Found a hazy altar of Hepliaklqana.
   300 | D        | Found a viscous altar of Jiyva.
   301 | D        | Found an ancient bone altar of Kikubaaqudgha.
   302 | D        | Found a corrupted altar of Lugonu.
   303 | D        | Found a burning altar of Makhleb.
   304 | D        | Found a sparkling altar of Nemelex Xobeh.
   305 | D        | Found an iron altar of Okawaru.
   306 | D        | Found a stormy altar of Qazlal.
   307 | D        | Found a sacrificial altar of Ru.
   308 | D        | Found a shimmering blue altar of Sif Muna.
   309 | D        | Found a bloodstained altar of Trog.
   310 | D        | Found a hide-covered altar of Uskayaw.
   311 | D        | Found a radiant altar of Vehumet.
   312 | D        | Found an ornate altar of the Wu Jian Council.
   313 | D        | Found a shimmering altar of Xom.
   314 | D        | Found a basalt altar of Yredelemnul.
   315 | D        | Found a glowing silver altar of Zin.
   316 | D        | Found a glowing golden altar of the Shining One.
   318 | D        | Became a worshipper of Uskayaw the Reveller
   318 | D        | Reached * piety under Uskayaw
   341 | D        | Noticed a wraith
   341 | D        | Noticed a yak
   341 | D        | Noticed a wyvern
   349 | D        | Killed a wyvern
   349 | D        | Reached ** piety under Uskayaw
   350 | D        | Reached skill level 10 in Stealth
   350 | D        | Reached skill level 5 in Invocations
   350 | D        | Gained mutation: You are covered in thick fur. (AC +2)
                  | [Felid growth]
   350 | D        | Reached XP level 6. HP: 31/31 MP: 10/10
   353 | D        | Killed a yak
   353 | D        | Reached *** piety under Uskayaw
   354 | D        | Reached skill level 11 in Stealth
   354 | D        | Reached XP level 7. HP: 35/35 MP: 10/12
   355 | D        | Reached **** piety under Uskayaw
   357 | D        | Reached ***** piety under Uskayaw
   374 | D        | Killed a wraith
   375 | D        | Reached skill level 12 in Stealth
   376 | D        | Noticed a centaur warrior
   376 | D        | Noticed a centaur warrior
   376 | D        | Noticed a wraith
   376 | D        | Noticed a brown ugly thing
   376 | D        | Noticed a deep elf pyromancer
   376 | D        | Noticed a centaur warrior
   378 | D        | Killed a centaur warrior
   378 | D        | Reached ****** piety under Uskayaw
   379 | D        | Reached skill level 10 in Dodging
   379 | D        | Reached skill level 13 in Stealth
   379 | D        | Reached skill level 10 in Unarmed Combat
   379 | D        | Reached XP level 8. HP: 31/40 MP: 11/14
   380 | D        | Killed a deep elf pyromancer
   381 | D        | Reached skill level 14 in Stealth
   382 | D        | Killed a brown ugly thing
   383 | D        | Reached skill level 15 in Stealth
   383 | D        | Reached XP level 9. HP: 35/45 MP: 12/16
   389 | D        | Killed a centaur warrior
   390 | D        | Reached skill level 16 in Stealth
   395 | D        | Killed a centaur warrior
   534 | D        | Gained mutation: Your spells are a little harder to cast,
                  | but a little more powerful. [potion of mutation]
   534 | D        | Gained mutation: You possess an exceptional clarity of
                  | mind. [potion of mutation]
   544 | D        | Noticed a komodo dragon
   545 | D        | Noticed a komodo dragon
   547 | D        | Reached skill level 17 in Stealth
   547 | D        | Noticed a cane toad
   557 | D        | Reached XP level 10. HP: 49/49 MP: 12/17
   557 | D        | Killed a cane toad
   559 | D        | Reached skill level 18 in Stealth
   922 | D        | Noticed a skyshark
   925 | D        | Reached skill level 10 in Fighting
   927 | D        | Noticed a skyshark
   931 | D        | Killed a skyshark
   932 | D        | Reached skill level 10 in Invocations
   936 | D        | Reached skill level 19 in Stealth
   936 | D        | Killed a skyshark
  1377 | D        | Noticed a lindwurm
  1377 | D        | Noticed a lindwurm
  1379 | D        | Killed a lindwurm
  1384 | D        | Killed a lindwurm
  1385 | D        | Reached XP level 11. HP: 16/55 MP: 19/19
  1395 | D        | Reached skill level 20 in Stealth
  1404 | D        | Reached skill level 15 in Unarmed Combat
  1745 | D        | Noticed Maurice
  1752 | D        | Killed Maurice
  1778 | D        | Noticed Sonja
  1785 | D        | Killed Sonja
  1828 | D        | Noticed an orc knight
  1854 | D        | Killed an orc knight
  2337 | D        | Noticed an orc knight
  2344 | D        | Reached skill level 21 in Stealth
  2344 | D        | Noticed an orc knight
  2356 | D        | HP: 1/55 [orc knight/+0 battleaxe (30)]
  2545 | D        | Killed an orc knight
  2595 | D        | Killed an orc knight
  2596 | D        | Reached skill level 15 in Dodging
  2825 | D        | Found Acamn's Distillery.
  2825 | D        | Noticed a deep troll
  2825 | D        | Noticed a deep troll
  2825 | D        | Noticed a deep troll
  2830 | D        | Noticed a deep troll
  2832 | D        | Killed a deep troll
  2836 | D        | Found Xorrol's Book Shop.
  2837 | D        | Found Mouvivami's Book Boutique.
  2837 | D        | Found Poyscharr's Armour Shop.
  2837 | D        | Noticed an ogre mage
  2837 | D        | Noticed an ettin
  2837 | D        | Killed a deep troll
  2837 | D        | Killed a deep troll
  2838 | D        | Reached skill level 22 in Stealth
  2842 | D        | Killed a deep troll
  2846 | D        | Noticed an ogre mage
  2848 | D        | Demolished by an ettin
  2849 | D        | Reached XP level 10. HP: -18/53 MP: 13/19
  3060 | D        | Killed an ettin
  3061 | D        | Reached XP level 11. HP: 15/57 MP: 15/21
  3062 | D        | Killed an ogre mage
  3169 | D        | Noticed a deep troll
  3170 | D        | Killed an ogre mage
  3495 | D        | Killed a deep troll
  3496 | D        | Reached skill level 23 in Stealth
  3727 | D        | Noticed an ogre mage
  3728 | D        | Noticed an orc knight
  3734 | D        | Noticed a deep elf pyromancer
  3738 | D        | Noticed a deep troll shaman
  4277 | D        | Killed an ogre mage
  4358 | D        | Noticed an ice dragon
  4370 | D        | Killed from afar by an ice dragon (shapeshifter)
  4371 | D        | Reached XP level 10. HP: -2/54 MP: 20/20
  4484 | D        | a tyrant leech changed into a boulder beetle
  4484 | D        | Noticed a boulder beetle (shapeshifter)
  4493 | D        | a boulder beetle changed into a slime creature
  4536 | D        | Killed an orc knight
  4542 | D        | Killed a deep elf pyromancer
  4560 | D        | Noticed a brown ugly thing
  4563 | D        | Killed a deep troll shaman
  4564 | D        | Noticed a frost giant
  4571 | D        | Noticed a lich
  4571 | D        | Killed a brown ugly thing
  4572 | D        | Reached XP level 11. HP: 28/58 MP: 16/21
  4572 | D        | Mangled by a frost giant

Illustrated notes

Levels and vault maps discovered:
D:        linesprint [early_d, line_temple, items_1, d_10, items_2, lair_1,
          lair_end, items_3, orc_1, orc_end, items_4, d_15, swamp_1, shoals_1,
          snake_1, spider_1, d_20, vaults_1, items_5, swamp_end, shoals_end,
          snake_end, spider_end, vaults_end, d_27, items_6, zot_1, zot_end,
          crypt_end, forest_end, elf_end, slime_end, tomb_end, abyss_end,
          pan_hell_end]

Skill      XL: |  1  2  3  4  5  6  7  8  9 10 11 |
---------------+----------------------------------+-----
Stealth        | 4 7 8 10 11 13 15 17 19 23 | 23.9
Dodging        | 5 6 7 8 10 11 12 13 16 | 16.7
Unarmed Combat | 4 5 6 7 8 10 11 12 14 17 | 17.8
Invocations    | 2 3 4 5 7 8 9 12 11 | 12.8
Fighting       | 4 5 6 7 8 9 13 12 | 13.1

Action                     |  1- 3 |  4- 6 |  7- 9 | 10-12 || total
---------------------------+-------+-------+-------+-------++-------
  Melee: Unarmed           |    33 |     8 |    38 |   178 ||   257
         Bite              |     2 |       |     5 |    27 ||    34
         Punch             |     1 |       |     2 |    21 ||    24
 Invoke: Line Pass         |       |       |     1 |    10 ||    11
    Use: Potion            |     3 |     2 |     2 |     9 ||    16
   Stab: Sleeping          |     1 |     3 |     6 |     7 ||    17
         Paralysed         |       |       |     3 |    20 ||    23
         Invisible         |       |       |     1 |       ||     1
         Confused          |       |       |       |     7 ||     7
         Distracted        |       |       |       |     3 ||     3
 Armour: Skin              |     4 |       |       |     2 ||     6
  Dodge: Dodged            |    31 |     1 |    26 |   124 ||   182
